 Dungeon Sprint DCSS version 0.18.1-8-gdd0e5ea (webtiles) character file.

155 pipel the Charmwright (level 5, 0/34 HPs)
             Began as a Gargoyle Skald on May 21, 2016.
             Slain by a worker ant (1 damage)
             ... in the Dungeon (Sprint IX: "|||||||||||||||||||||||||||||").
             The game lasted 00:00:39 (70 turns).

pipel the Charmwright (Gargoyle Skald)                Turns: 70, Time: 00:00:39

Health: 0/34       AC:  7    Str: 17    XL:     5   Next: 37%
Magic:  5/10       EV: 12    Int: 12    God:
Gold:   0          SH:  0    Dex:  9    Spells: 1 memorised, 10 levels left

rFire  . . .     SeeInvis .     a - +0 mace
rCold  . . .     Gourm    .     b - +0 leather armour
rNeg   + . .     Faith    .     (no shield)
rPois  ∞         Spirit   .     (no helmet)
rElec  +         Dismiss  .     (no cloak)
rCorr  .         Reflect  .     (no gloves)
SustAt .         Harm     .     (no boots)
MR     .....     NoTele   +     (no amulet)
Stlth  +.........               (no ring)
                                (no ring)

@: exhausted, slowed, very slow, not resistant to hostile enchantments, very
unstealthy
A: negative energy resistance 1, electricity resistance, unbreathing,
petrification resistance, rot immunity, AC +4
a: no special abilities


You were in the Dungeon.
You were not hungry.

You visited 1 branch

Inventory:

Hand Weapons
 a - a +0 mace (weapon)
Armour
 b - a +0 leather armour (worn)
Scrolls
 j - a scroll of blinking
Potions
 g - a potion of haste
 h - 2 potions of magic
Books
 c - a book of Battle

   Spells                             Type                      Level
   a - Infusion                       Charms                       1
   b - Shroud of Golubria             Charms/Translocation         2
   c - Song of Slaying                Charms                       2
   d - Spectral Weapon                Hexes/Charms                 3
   e - Regeneration                   Charms/Necromancy            3
Comestibles
 d - a bread ration
 k - a chunk of flesh


   Skills:
 + Level 4.5 Fighting
 + Level 4.7 Maces & Flails
 + Level 3.3 Armour
 + Level 2.8 Dodging
 + Level 3.8 Spellcasting
 + Level 6.3 Charms


You had 10 spell levels left.
You knew the following spells:

 Your Spells              Type           Power        Failure   Level  Hunger
a - Infusion              Chrm           ###.         1%          1    #......


Dungeon Overview and Level Annotations

Branches:
Dungeon (1/1)

Altars:


Innate Abilities, Weirdness & Mutations

You are resistant to torment.
Your stone body is resilient (AC +4).
You are immune to poison.
You resist negative energy.
You are resistant to electric shocks.
You can survive without breathing.
You are immune to petrification.
You are immune to rotting.


Message History

The worker ant is moderately wounded.
The worker ant closely misses you. The worker ant bites you.
* * * LOW HITPOINT WARNING * * *
You take 3 damage, and have 2/34 hp.
You completely miss the worker ant.
The worker ant is moderately wounded.
The worker ant closely misses you. The worker ant barely misses you.
You barely miss the worker ant.
The worker ant is moderately wounded.
The worker ant bites you.
* * * LOW HITPOINT WARNING * * *
The worker ant closely misses you.
You take 2 damage, and have 1/34 hp.
You closely miss the worker ant.
The worker ant is moderately wounded.
The worker ant barely misses you. The worker ant closely misses you.
You closely miss the worker ant.
The worker ant is moderately wounded.
The worker ant bites you.
You die...

▓.▓
▓.▓
▓.▓
▓)▓
▓.▓
▓÷▓
▓.▓
▓.▓
▓@▓
▓a▓
▓.▓
▓.▓
▓.▓
▓.▓
▓.▓
▓+▓


You could see a worker ant.

Vanquished Creatures
  A phantom (D)
  A scorpion (D)
  A shadow imp (D)
  An adder zombie (D)
  A bat (D)
  A giant cockroach (D)
  A goblin (D)
  2 hobgoblins (D)
9 creatures vanquished.

Notes
Turn   | Place    | Note
--------------------------------------------------------------
     0 | D        | pipel the Gargoyle Skald began the quest for the Orb.
     0 | D        | Reached XP level 1. HP: 12/12 MP: 3/3
     4 | D        | Reached skill level 3 in Charms
     7 | D        | Reached skill level 1 in Dodging
    17 | D        | Reached XP level 2. HP: 13/17 MP: 3/5
    34 | D        | Noticed a phantom
    34 | D        | Noticed a scorpion
    42 | D        | Reached skill level 4 in Charms
    52 | D        | Killed a phantom
    52 | D        | Reached skill level 5 in Charms
    52 | D        | Reached XP level 3. HP: 6/24 MP: 2/8
    52 | D        | Reached XP level 4. HP: 7/29 MP: 2/9
    62 | D        | HP: 1/29 [scorpion (1)]
    64 | D        | Reached skill level 6 in Charms
    64 | D        | Reached XP level 5. HP: 9/34 MP: 4/10
    68 | D        | HP: 1/34 [worker ant (2)]
    70 | D        | Slain by a worker ant

Skill      XL: |  1  2  3  4 |
---------------+-------------+-----
Charms         | 3 5 6 |  6.3
Dodging        | 1 2 |  2.8
Fighting       | 3 4 |  4.5
Maces & Flails | 4 |  4.7
Armour         | 2 3 |  3.3
Spellcasting   | 3 |  3.8

Action                   |  1- 3 |  4- 6 || total
-------------------------+-------+-------++-------
Melee: Mace              |    28 |    17 ||    45
 Cast: Infusion          |     1 |       ||     1
  Use: Potion            |     2 |     1 ||     3
Armor: Leather armour    |     7 |     4 ||    11
Dodge: Dodged            |    16 |    12 ||    28
